 Dungeon Crawl Stone Soup version 0.24-a0-92-g7d8ec57 (console) character file.

Game seed: 961253296769781018

26 Duffy the Ruffian (level 2, 0/23 HPs)
             Began as a Draconian Transmuter on Feb 9, 2019.
             Slain by a crimson imp (2 damage)
             ... summoned by Natasha
             ... on level 2 of the Dungeon.
             The game lasted 00:00:21 (102 turns).

Duffy the Ruffian (Draconian Transmuter)             Turns: 102, Time: 00:00:22

Health: 0/23       AC:  4    Str: 12    XL:     2   Next: 89%
Magic:  5/5        EV: 12    Int: 13    God:
Gold:   0          SH:  0    Dex: 11    Spells: 2/5 levels left

rFire    . . .     SeeInvis .     - Unarmed
rCold    . . .     Gourm    .   (no shield)
rNeg     . . .     Faith    .   (armour unavailable)
rPois    .         Spirit   .   (helmet restricted)
rElec    .         Reflect  .   (no cloak)
rCorr    .         Harm     .   (no gloves)
MR       .....                  (no boots)
Stlth    +.........             (no amulet)
HPRegen  0.07/turn              (no ring)
MPRegen  0.09/turn              (no ring)

@: no status effects
A: unfitting armour, cold-blooded, AC +4
a: no special abilities


You were on level 2 of the Dungeon.
You were not hungry.

You visited 1 branch of the dungeon, and saw 2 of its levels.

Inventory:

Missiles
 a - 30 arrows
Scrolls
 b - a scroll of fear {unknown}
 d - a scroll of identify {unknown}
Comestibles
 c - a ration


   Skills:
 - Level 1.1 Fighting
 - Level 1.7 Dodging
 + Level 3.6 Unarmed Combat
 - Level 2.0 Spellcasting
 + Level 2.8 Transmutations


You had 2 spell levels left.
You knew the following spells:

 Your Spells              Type           Power        Failure   Level  Hunger
h - Beastly Appendage     Tmut           #.....       9%          1    ##.....
j - Sticks to Snakes      Tmut           #.......     12%         2    ###....

Your spell library contained the following spells:

 Spells                   Type           Power        Failure   Level  Hunger
 Spider Form              Tmut/Pois      #.........   41%         3    ####...
 Ice Form                 Ice/Tmut       #.......     82%         4    #####..
 Blade Hands              Tmut           #.........   92%         5    ######.


Dungeon Overview and Level Annotations

Branches:
Dungeon (2/15)

Altars:

Annotations:
D:2 Natasha


Innate Abilities, Weirdness & Mutations

Your plain brown scales are hard. (AC +4)
You cannot fit into any form of body armour.
You are cold-blooded and may be slowed by cold attacks.


Message History

Natasha casts a spell.
The crimson imp closely misses you.
You hit Natasha.
Natasha is severely wounded.
Natasha barely misses you. The crimson imp hits you.
You barely miss Natasha.
Natasha is severely wounded.
Natasha closely misses you.
The crimson imp grinds its teeth.
The crimson imp hits you.
Natasha mumbles some strange words.
You barely miss Natasha.
Natasha is severely wounded.
You feel yourself speed up.
The crimson imp hits you but does no damage.
Natasha claws you. The crimson imp closely misses you.
You hit Natasha but do no damage.
Natasha is severely wounded.
Natasha claws you but does no damage. The crimson imp hits you.
You die...

########.#
#........#
#.######## # #.# ..
#.# ... #.# .... #.#
.....
##)###########......
#........5@hSb......
##############......
..... .... ... .. .


You could see Natasha, a crimson imp, an adder and a bat.

Vanquished Creatures
  Jessica (D:2)
  A bat (D:2)
2 creatures vanquished.

Notes
Turn   | Place    | Note
-------+----------+-------------------------------------------
     0 | D:1      | Duffy the Draconian Transmuter began the quest for the Orb.
     0 | D:1      | Reached XP level 1. HP: 16/16 MP: 3/3
    35 | D:2      | Noticed Jessica
    43 | D:2      | Killed Jessica
    43 | D:2      | Reached XP level 2. HP: 21/23 MP: 5/5
    48 | D:2      | Learned a level 2 spell: Sticks to Snakes
    70 | D:2      | Noticed Natasha
    76 | D:2      | Noticed a crimson imp
    78 | D:2      | Noticed a crimson imp
    94 | D:2      | Noticed a crimson imp
   102 | D:2      | Slain by a crimson imp

Levels and vault maps discovered:
D:1:      dpeg_arrival_pond, layout_rooms, minmay_close_crescents
D:2:      layout_basic, kennysheep_nondescript, uniq_natasha, uniq_jessica

Action                   || total
-------------------------++-------
Melee: Unarmed           ||    28
       Tailslap          ||     2
       Headbutt          ||     1
 Cast: Beastly Appendage ||     1
Armor: Skin              ||     7
Dodge: Dodged            ||    17

Table legend:
 A = Non-vault XP
 B = Vault XP
 C = Vault XP percentage of total XP
 D = Non-vault monster count
 E = Vault monster count
 F = Vault count percentage of total count
                 A         B        C        D         E       F
            +---------+---------+-------+---------+---------+-------
      Total |       1 |      37 |  97.4 |       1 |       1 |  50.0
            +---------+---------+-------+---------+---------+-------
        D:2 |       1 |      37 |  97.4 |       1 |       1 |  50.0
            +---------+---------+-------+---------+---------+-------
